 Dungeon Crawl Stone Soup version 0.21-a0-238-geb0acef (webtiles) character file.

3 Pippin the Magician (level 1, -1/14 HPs)
             Began as a Vampire Wanderer on Sept 2, 2017.
             Slain by a kobold (2 damage)
             ... on level 1 of the Dungeon.
             The game lasted 00:00:58 (74 turns).

Pippin the Magician (Vampire Wanderer)                Turns: 74, Time: 00:00:58

Health: -1/14      AC:  2    Str: 11    XL:     1   Next: 41%
Magic:  4/4        EV: 11    Int: 15    God:
Gold:   0          SH:  0    Dex: 12    Spells: 6/6 levels left

rFire    . . .     SeeInvis +   e - +0 dagger
rCold    . . .     Gourm    .   (no shield)
rNeg     + . .     Faith    .   d - +0 robe
rPois    .         Spirit   .   (no helmet)
rElec    .         Reflect  .   (no cloak)
rCorr    .         Harm     .   (no gloves)
MR       .....                  (no boots)
Stlth    ++........             (no amulet)
HPRegen  0.04/turn              (no ring)
MPRegen  0.09/turn              (no ring)

@: no status effects
A: fangs 3, see invisible, unbreathing
a: no special abilities


You were on level 1 of the Dungeon.
You were not thirsty.

You visited 1 branch of the dungeon, and saw 1 of its levels.

Inventory:

Hand Weapons
 e - a +0 dagger (weapon)
Armour
 d - a +0 robe (worn)
Scrolls
 c - a scroll of teleportation
Books
 b - Sizas's Tome of Changing

   Spells                             Type                      Level
   a - Passwall                       Transmutation/Earth          2
   b - Sticks to Snakes               Transmutation                2
Miscellaneous
 a - a fan of gales


   Skills:
 * Level 0.5 Fighting
 + Level 2.0 Stealth
 - Level 3.0 Spellcasting
   Level 1.5 Translocations
   Level 2.1 Transmutations
   Level 1.0 Air Magic
 - Level 1.0 Evocations


You had 6 spell levels left.
You didn't know any spells.

Dungeon Overview and Level Annotations

Branches:
Dungeon (1/15)

Altars:


Innate Abilities, Weirdness & Mutations

You have razor-sharp teeth.
You have supernaturally acute eyesight. (SInv)
You can survive without breathing.


Message History

* * * LOW HITPOINT WARNING * * *
You hit the kobold but do no damage.
The kobold is heavily wounded.
The kobold hits you but does no damage.
You hit the kobold but do no damage.
The kobold is heavily wounded.
The kobold hits you.
* * * LOW HITPOINT WARNING * * *
The kobold throws a stone.
The stone hits you.
* * * LOW HITPOINT WARNING * * *
You see here a stone.
The kobold throws a stone.
The stone hits you but does no damage.
You see here a stone.
The kobold throws a stone.
The stone completely misses you.
You see here a stone.
Yummy - fresh blood!
You closely miss the kobold. Your bite misses the kobold.
The kobold is heavily wounded.
The kobold hits you.
You die...

#.# #.# #.# ### #.######## ##.#
#........# #### ...# #..#####.#
#...## .#.### #..# ###(###.....#
.....# ##..# #...(().....#
.#.#.#########..@###.#.###K.?.>#
.#...............K...>.# #...##
.###.#.#####.#...###.### #.##
<......#.# #.##.##... ..#
.###.#.#.###.##.##.# .#
.#.................. #
.#.#.###.....##+##.# .....#
####### .#.###


You could see a kobold.

Vanquished Creatures
  A dart slug (D:1)
  A kobold (D:1)
2 creatures vanquished.

Notes
Turn   | Place    | Note
-------+----------+-------------------------------------------
     0 | D:1      | Pippin the Vampire Wanderer began the quest for the Orb.
     0 | D:1      | Pippin set off with: a fan of gales, Sizas's Tome of Changing, a scroll of teleportation, a +0 robe, a +0 dagger, a potion of blood
     0 | D:1      | Reached XP level 1. HP: 13/13 MP: 4/4
     0 | D:1      | Identified Sizas's Tome of Changing
    74 | D:1      | Slain by a kobold

Vault maps used:
D:1:      roderic_chinese_lattice_arrival, minmay_pentomino_s4

Skill      XL: |  1 |
---------------+----+-----
Stealth        | 2 |  2.0
Fighting       | |  0.5
Spellcasting   | |  3.0
Translocations | |  1.5
Transmutations | |  2.1
Air Magic      | |  1.0
Evocations     | |  1.0

Action                   || total
-------------------------++-------
Melee: Dagger            ||    13
       Bite              ||     3
  Use: Potion            ||     1
Armor: Robe              ||     2
Dodge: Dodged            ||     5

Table legend:
 A = Spawn XP
 B = Non-spawn XP
 C = Spawn XP percentage of total XP
 D = Spawn monster count
 E = Non-spawn monster count
 F = Spawn count percentage of total count
 G = Total turns spent on level
                    A         B        C        D         E        F      G
               +---------+---------+-------+---------+---------+-------+---------
         Total |       4 |       1 |  80.0 |       1 |       1 |  50.0 |    74
               +---------+---------+-------+---------+---------+-------+---------
           D:1 |       4 |       1 |  80.0 |       1 |       1 |  50.0 |    74
               +---------+---------+-------+---------+---------+-------+---------
